 Dungeon Crawl Stone Soup version 0.26-a0-158-g66bac3cce0 (webtiles) character file.

Game seed: 16122789531225284910

14728 Flugslaktarn the Frost Mage (level 12, -12/64 HPs)
             Began as a Vine Stalker Ice Elementalist on July 2, 2020.
             Was a High Priest of Cheibriados.
             Killed from afar by an orc sorcerer (32 damage)
             ... with a bolt of fire
             ... led by an orc knight
             ... on level 1 of the Orcish Mines.
             The game lasted 00:29:19 (5568 turns).

Flugslaktarn the Frost Mage (VSIE)                  Turns: 5568, Time: 00:29:19

Health: -12/64     AC: 15    Str: 24    XL:     12   Next: 19%
Magic:  0/22       EV: 20    Int: 33    God:    Cheibriados [*****.]
Gold:   1164       SH:  0    Dex: 31    Spells: 9/23 levels left

rFire    . . .     SeeInvis .   z - +2 hand axe (freeze)
rCold    . . .     Faith    .   (no shield)
rNeg     . . .     Spirit   +   M - +4 troll leather armour {Snorg}
rPois    .         Reflect  .   (no helmet)
rElec    .         Harm     .   (no cloak)
rCorr    .                      f - +2 pair of gloves
MR       .....                  (no boots)
Stlth    ++........             (no amulet)
HPRegen  1.40/turn              O - ring of attention (curse)
MPRegen  0.18/turn              B - +4 ring of protection

@: vulnerable, frozen ramparts, very slightly contaminated, invisible, very slow
A: fangs 3, regeneration 2, magic shield, antimagic bite, no potion heal 3, rot
immunity
a: Bend Time, Temporal Distortion, Slouch, Step From Time, Renounce Religion


You were on level 1 of the Orcish Mines.
You worshipped Cheibriados.
Cheibriados was extremely pleased with you.
You were not hungry.

You visited 3 branches of the dungeon, and saw 14 of its levels.

You collected 2529 gold pieces.
You spent 1365 gold pieces at shops.

Inventory:

Hand Weapons
 b - a +1 scimitar of flaming
   (You took it off Erica on level 8 of the Dungeon)
 e - a +0 club
   (You took it off a hobgoblin on level 1 of the Dungeon)
 g - a +0 short sword
   (You found it on level 1 of the Dungeon)
 z - a +2 hand axe of freezing (weapon)
   (You took it off an orc on level 6 of the Dungeon)
Missiles
 p - 17 boomerangs (quivered)
 r - 2 throwing nets
 x - 175 arrows
Armour
 f - a +2 pair of gloves (worn)
   (You found it on level 1 of the Dungeon)
 s - the +0 ring mail of Apathy {Str+2 Dex+5}
   (You bought it in a shop on level 7 of the Dungeon)

   It affects your strength (+2).
   It affects your dexterity (+5).
 M - a +4 troll leather armour (worn) {Snorg}
   (You found it on level 10 of the Dungeon)
Magical Staves
 n - an uncursed staff of wizardry
   (You found it on level 3 of the Dungeon)
Jewellery
 l - an uncursed ring of fire
   (You found it on level 3 of the Dungeon)
 w - an uncursed ring of poison resistance
   (You found it on level 5 of the Dungeon)
 B - a +4 ring of protection (right hand)
   (You found it on level 6 of the Dungeon)
 F - a cursed ring of teleportation
   (You took it off an orc on level 6 of the Dungeon)
 O - a cursed ring of attention (left hand)
   (You found it on level 11 of the Dungeon)
Wands
 o - a wand of flame (14)
   (You took it off an orc on level 11 of the Dungeon)
 t - a wand of digging (6)
   (You took it off Eustachio on level 5 of the Dungeon)
 A - a wand of enslavement (8)
   (You found it on level 6 of the Dungeon)
 L - a wand of iceblast (7)
   (You found it on level 10 of the Dungeon)
 N - a wand of acid (5)
   (You found it on level 12 of the Dungeon)
Scrolls
 a - 2 scrolls of identify
 i - a scroll of torment
 j - 7 scrolls of remove curse
 m - 3 scrolls of magic mapping
 v - a scroll of fog
 y - 2 scrolls of fear
 E - 2 scrolls of enchant weapon
 H - 2 scrolls of amnesia
 I - 3 scrolls of enchant armour
Potions
 d - 2 potions of haste
 h - 3 potions of curing
 k - 3 potions of berserk rage
 q - a potion of stabbing {unknown}
 u - a potion of resistance
 D - a potion of invisibility
 G - 2 potions of mutation
 J - a potion of cancellation
 K - 3 potions of brilliance
Comestibles
 c - 12 rations


   Skills:
 - Level 8.0 Fighting
 - Level 7.3 Dodging
 - Level 2.4 Stealth
 - Level 6.0 Spellcasting
 - Level 3.0 Summonings
 + Level 4.8 Transmutations
 - Level 10.0 Ice Magic
 + Level 4.9 Earth Magic
 + Level 7.6 Invocations


You had 9 spell levels left.
You knew the following spells:

 Your Spells              Type           Power        Failure   Level  Hunger
a - Freeze                Ice            ####         1%          1    None
b - Frozen Ramparts       Ice            ######       1%          3    None
c - Statue Form           Tmut/Erth      #####....    71%         6    ######.
d - Summon Ice Beast      Ice/Summ       ######..     3%          4    ##.....

Your spell library contained the following spells:

 Spells                   Type           Power        Failure   Level  Hunger
 Ensorcelled Hibernation  Hex/Ice        #####.       1%          2    None
 Ozocubu's Armour         Chrm/Ice       #####...     1%          3    None
 Hailstorm                Conj/Ice       #####...     6%          4    ##.....
 Borgnjor's Vile Clutch   Necr/Erth      ####......   45%         5    #####..
 Hydra Form               Tmut           #####.....   71%         6    ######.
 Silence                  Hex/Air        #.........   80%         5    #####..
 Freezing Cloud           Conj/Ice/Air   ####......   89%         6    ######.
 Shadow Creatures         Summ           N/A          91%         6    ######.
 Darkness                 Hex            #.........   100%        6    ######.


Dungeon Overview and Level Annotations

Branches:
Dungeon (12/15)            Temple (1/1) D:5            Lair (0/6) D:10
    Orc (1/2) D:11

Altars:
Ashenzari
Cheibriados
Fedhas
Gozag
Kikubaaqudgha
Makhleb
Nemelex Xobeh
Okawaru
Qazlal
Ru
Trog
Uskayaw
Vehumet
Xom
Yredelemnul
The Shining One
Beogh

Shops:
D:7 [   D:9 *!   D:11 :

Annotations:
D:9 2 transporters


Innate Abilities, Weirdness & Mutations

You have razor-sharp teeth.
You heal very quickly.
When hurt, damage is shared between your health and your magic reserves.
Your bite disrupts and absorbs the magic of your enemies.
Potions cannot restore your health.
You are immune to rotting.


Message History

The wall freezes the orc warrior!
The orc warrior throws a boomerang.
The boomerang barely misses your orc knight.
The boomerang misses you.
The weapon returns to the orc warrior!
The orc warrior hits your ice beast with a +0 hand axe.
Your ice beast closely misses the orc warrior.
The wall freezes the orc warrior!
The orc warrior throws a boomerang.
The boomerang barely misses your orc knight.
The boomerang hits you but does no damage.
The weapon returns to the orc warrior!
The orc warrior hits your ice beast with a +0 hand axe!!
The orc sorcerer points at you and mumbles some strange words.
The bolt of fire hits your orc knight!! The bolt of fire misses you.
Unknown command.
Unknown command.
Okay, then.
Unknown command.
Unknown command.
You fade into invisibility!
The wall freezes the orc warrior.
Your ice beast misses the orc warrior.
The wall freezes the orc!
You kill the orc!
Cheibriados appreciates the change of pace.
Something barely misses your orc knight.
You are very lightly contaminated with residual magic.
Unknown command.
Unknown command.
Evoke which item? (* to show all) (? for menu, Esc to quit)
Okay, then.
Press: ? - help, v - describe, . - travel, g - get item
Here: an orc warrior, wielding a +0 hand axe and wearing a +0 chain mail (severely wounded, strong, susceptible to hostile enchantments)
A +0 long sword.
There is something else lying underneath.
The floor.
Unknown command.
Unknown command.
Evoke which item? (* to show all) (? for menu, Esc to quit)
Aiming: Corrosive Bolt
Press: ? - help, Shift-Dir - straight line, f - orc warrior, p - orc knight
Aim: an orc warrior, wielding a +0 hand axe and wearing a +0 chain mail (severely wounded, strong, susceptible to hostile enchantments)
The bolt of acid hits the orc warrior!
The orc warrior is splashed with acid.
You kill the orc warrior!
Cheibriados thoroughly appreciates the change of pace.
Your orc knight hits the orc sorcerer with a +0 dire flail!!
Something hits your orc knight! The orc sorcerer casts a spell at you.
The bolt of fire hits your orc knight!!
Your orc knight dies!
The bolt of fire hits you!!
Ouch! That really hurt!
You die...

..........#...
............... O.. ..#
....................#...#
.......>............#..#
................#......#
.....o)..........#....#
......)#.............##
...^o)#.@.............##
...#.[.Y.......)$.....#
......................##
...#...................##
..##......>.............#
..##..................##
...#...................#
...............<........
................)......#


You could see an orc sorcerer (strong, vulnerable) and a friendly ice beast
(summoned, vulnerable).

Vanquished Creatures
  Erolcha (D:9)
  Erica (D:8)
  A two-headed ogre (D:12)
  An unseen horror (D:11)
  2 orc knights
  A centaur zombie (D:10)
  A gargoyle (D:12)
  A komodo dragon (D:10)
  3 trolls
  2 hippogriffs
  A wyvern (D:11)
  8 yaks
  2 humans (D:12)
  Eustachio (D:5)
  A hungry ghost (D:8)
  A water moccasin (D:10)
  3 ice beasts
  10 orc warriors
  4 sky beasts
  A black bear (D:9)
  3 phantoms
  A necrophage (D:11)
  8 ogres
  3 wolves (D:9)
  3 centaurs
  2 big kobolds
  4 bullfrogs
  A water moccasin skeleton (D:7)
  A scorpion (D:5)
  5 killer bees (D:8)
  3 howler monkeys
  A wight (D:10)
  3 crimson imps
  9 hounds
  2 quasits
  14 orc wizards
  A bullfrog skeleton (D:6)
  3 jellies
  8 orc priests
  2 centaur skeletons
  2 iguanas
  6 worker ants
  2 hound zombies
  3 hound skeletons
  A howler monkey zombie (D:6)
  A worker ant zombie (D:11)
  4 adders
  A shadow imp (D:8)
  2 white imps (D:7)
  An ufetubus (D:6)
  2 adder skeletons
  A dart slug (D:3)
  2 leopard geckos
  70 orcs
  5 bats
  2 giant cockroaches (D:1)
  4 goblins
  5 hobgoblins
  6 jackals
  7 kobolds
  A quokka (D:3)
  5 frilled lizards
  A leopard gecko skeleton (D:6)
257 creatures vanquished.

Vanquished Creatures (collateral kills)
  Snorg (D:10)
  The ghost of Sassenached the Archer, a novice CeWn (D:7)
  A troll (D:12)
  A wraith (D:11)
  Grum (D:9)
  3 yaks
  A steam dragon (D:11)
  An acid dragon (D:11)
  An eye of draining (D:11)
  2 orc warriors
  A wolf (D:9)
  A scorpion (D:12)
  An electric eel (D:11)
  A quasit (D:12)
  A centaur zombie (D:9)
  5 orc priests
  2 jellies (D:9)
  2 orc wizards
  A worker ant (D:9)
  A hound zombie (D:5)
  A leopard gecko (D:11)
  2 orcs
  A jackal (D:8)
33 creatures vanquished.

Vanquished Creatures (others)
  An orc knight (Orc:1)
  2 plants (D:10)
3 creatures vanquished.

Grand Total: 293 creatures vanquished

Notes
Turn   | Place    | Note
-------+----------+-------------------------------------------
     0 | D:1      | Flugslaktarn the Vine Stalker Ice Elementalist began the
                  | quest for the Orb.
     0 | D:1      | Reached XP level 1. HP: 9/9 MP: 4/4
    97 | D:1      | Reached XP level 2. HP: 8/13 MP: 3/6
   560 | D:3      | Reached XP level 3. HP: 16/16 MP: 4/8
   619 | D:3      | Learned a level 3 spell: Frozen Ramparts
   704 | D:4      | Gained mutation: Your natural rate of healing is unusually
                  | fast. [Vine Stalker growth]
   704 | D:4      | Reached XP level 4. HP: 1/21 MP: 0/10
   744 | D:4      | Reached skill level 5 in Ice Magic
   779 | D:4      | Reached XP level 5. HP: 20/24 MP: 1/11
   838 | D:4      | Found a shimmering altar of Xom.
   858 | D:4      | Noticed a phantom
   895 | D:4      | Learned a level 4 spell: Summon Ice Beast
   966 | D:4      | Reached skill level 6 in Ice Magic
  1030 | D:4      | Reached XP level 6. HP: 28/28 MP: 9/13
  1096 | D:5      | Entered Level 5 of the Dungeon
  1214 | D:5      | Found a burning altar of Makhleb.
  1443 | D:4      | Killed a phantom
  1443 | D:4      | Reached skill level 7 in Ice Magic
  1480 | D:5      | Noticed Eustachio
  1488 | D:5      | Killed Eustachio
  1488 | D:5      | Reached XP level 7. HP: 27/32 MP: 5/14
  1601 | D:5      | Found a burning altar of Makhleb.
  1614 | D:5      | Reached skill level 8 in Ice Magic
  1660 | D:6      | Reached skill level 1 in Fighting
  1866 | D:6      | Found a sacrificial altar of Ru.
  1918 | D:6      | Reached skill level 1 in Summonings
  2006 | D:6      | Gained mutation: You have razor-sharp teeth. [Vine Stalker
                  | growth]
  2006 | D:6      | Reached XP level 8. HP: 39/39 MP: 11/15
  2078 | D:5      | Found a staircase to the Ecumenical Temple.
  2090 | Temple   | Entered the Ecumenical Temple
  2095 | Temple   | Became a worshipper of Cheibriados the Contemplative
  2327 | D:7      | Reached skill level 5 in Spellcasting
  2351 | D:7      | Found a bloodstained altar of Trog.
  2380 | D:7      | Found a glowing golden altar of the Shining One.
  2417 | D:7      | Found a runed translucent door.
  2417 | D:7      | Noticed Sassenached's ghost (novice CeWn)
  2433 | D:7      | Killed Sassenached's ghost
  2433 | D:7      | Reached XP level 9. HP: 22/46 MP: 4/17
  2583 | D:8      | Found a shattered altar of Ashenzari.
  2592 | D:8      | Reached * piety under Cheibriados
  2596 | D:8      | Reached skill level 5 in Fighting
  2598 | D:8      | Reached skill level 5 in Dodging
  2714 | D:7      | Found Sialuf Diti's Antique Armour Shop.
  2719 | D:7      | Bought a faintly glowing ring mail for 225 gold pieces
  2729 | D:7      | Identified the +0 ring mail of Apathy {Str+2 Dex+5} (You
                  | bought it in a shop on level 7 of the Dungeon)
  2792 | D:7      | Reached ** piety under Cheibriados
  2900 | D:7      | Identified a scroll of acquirement
  2917 | D:8      | Noticed Erica
  2932 | D:8      | Killed Erica
  2956 | D:8      | Reached XP level 10. HP: 51/53 MP: 14/18
  2957 | D:8      | Reached skill level 9 in Ice Magic
  3199 | D:9      | Found Homorph's Assorted Antiques.
  3199 | D:9      | Found Xom Fao's Distillery.
  3232 | D:9      | Reached *** piety under Cheibriados
  3274 | D:9      | Bought a hardcover book for 360 gold pieces
  3378 | D:9      | Noticed Erolcha
  3388 | D:9      | Killed Erolcha
  3404 | D:9      | Found a transporter.
  3404 | D:9      | Noticed an eight-headed hydra
  3405 | D:9      | Found a stormy altar of Qazlal.
  3410 | D:9      | Found a transporter.
  3414 | D:9      | Noticed Grum
  3423 | D:9      | Reached skill level 10 in Ice Magic
  3426 | D:9      | Killed Grum
  3481 | D:9      | Found a blossoming altar of Fedhas.
  3535 | D:9      | Reached **** piety under Cheibriados
  3597 | D:10     | Entered Level 10 of the Dungeon
  3681 | D:10     | Reached skill level 1 in Invocations
  3702 | D:10     | Found a staircase to the Lair.
  3728 | D:10     | Reached XP level 11. HP: 50/60 MP: 11/19
  3855 | D:10     | Found a sparkling altar of Nemelex Xobeh.
  3859 | D:10     | Noticed Snorg
  3865 | D:10     | Killed Snorg
  3896 | D:10     | Reached skill level 5 in Invocations
  4100 | D:11     | Found Qifebla's Book Shop.
  4108 | D:11     | Bought the Compendium of Glacial Changing for 780 gold
                  | pieces
  4115 | D:11     | Learned a level 6 spell: Statue Form
  4156 | D:11     | Reached skill level 1 in Transmutations
  4156 | D:11     | Reached skill level 1 in Earth Magic
  4269 | D:11     | Reached ***** piety under Cheibriados
  4356 | D:12     | Noticed a death yak
  4356 | D:12     | Noticed a death yak
  4356 | D:12     | Noticed a death yak
  4356 | D:12     | Noticed a death yak
  4356 | D:12     | Noticed a death yak
  4517 | D:12     | Noticed a two-headed ogre
  4525 | D:12     | Killed a two-headed ogre
  4607 | D:12     | Noticed a death yak
  4668 | D:12     | Noticed a death yak
  4668 | D:12     | Noticed a death yak
  4668 | D:12     | Noticed a death yak
  4668 | D:12     | Noticed a death yak
  4669 | D:12     | Noticed a death yak
  5073 | D:11     | Killed an unseen horror
  5384 | D:11     | Found a roughly hewn altar of Beogh.
  5390 | D:11     | Gained mutation: You heal very quickly. [Vine Stalker
                  | growth]
  5390 | D:11     | Reached XP level 12. HP: 55/64 MP: 14/22
  5411 | D:11     | Found a staircase to the Orcish Mines.
  5457 | Orc:1    | Entered Level 1 of the Orcish Mines
  5568 | Orc:1    | Killed from afar by an orc sorcerer

Illustrated notes

Levels and vault maps discovered:
D:1:      dpeg_arrival_ternary, layout_loops_ring, minmay_tetromino_i4
D:2:      layout_basic, grunt_temple_overflow_open
D:3:      layout_rooms, lemuel_blue_sif_altar, serial_glass, glass_columns_a,
          glass_columns_b, minivault_19
D:4:      layout_loops_ring, first_ration, led_xom_imps
D:5:      layout_basic, bloody_makhleb, minmay_temple_entry_hall,
          kennysheep_small_circle, uniq_eustachio
D:6:      layout_loops_ring, nicolae_overflow_hidden_temple,
          okawaru_altar_gauntlet_db
D:7:      layout_basic, old_standard_altar, kennysheep_little_box, serial_shops,
          kennysheep_mini, gammafunk_ghost_grave, grunt_ogre_cave, bloody_trog
D:8:      layout_loops_ring, overflow_temple_1_default,
          minmay_misc_feat_pillars, hex_large, kennysheep_generic_room_8,
          uniq_erica
D:9:      layout_cave_pools, zin_scriptorium, gammafunk_temple_overflow_arena,
          serial_shops, nicolae_shop_window_shopping, shop_coins,
          fedhas_altar_3, uniq_grum, uniq_erolcha
D:10:     layout_basic, david_lair_shrubbed, basic_altar, nooodl_food_tri,
          uniq_snorg
D:11:     layout_basic, david_orc_5, serial_shops, shop
D:12:     slaughterhouse, layout_basic, nicolae_two_hexagons,
          hangedman_decor_clover_reticule, abandoned_shop,
          minmay_splitting_lines
Temple:   minmay_freezing_vapour_temple
Orc:1:    layout_caves

Skill      XL: |  1  2  3  4  5  6  7  8  9 10 11 12 |
---------------+-------------------------------------+-----
Spellcasting   | 3 4 5 6 |  6.0
Ice Magic      | 5 6 7 8 10 | 10.0
Fighting       | 1 4 6 8 |  8.0
Dodging        | 2 4 6 7 |  7.3
Summonings     | 1 3 |  3.0
Invocations    | 2 7 |  7.6
Transmutations | 3 4 |  4.8
Earth Magic    | 4 |  4.9
Stealth        | |  2.4

Action                   |  1- 3 |  4- 6 |  7- 9 | 10-12 || total
-------------------------+-------+-------+-------+-------++-------
Melee: Unarmed           |     8 |       |       |       ||     8
       Bite              |     4 |    16 |    48 |   133 ||   201
       Short sword       |    17 |    67 |    21 |       ||   105
       Staff             |     2 |     9 |       |       ||    11
       Hand axe          |       |       |   114 |   244 ||   358
Throw: Boomerang         |       |    10 |       |       ||    10
 Cast: Freeze            |    25 |     1 |       |       ||    26
       Frozen Ramparts   |     3 |    10 |    25 |    37 ||    75
       Summon Ice Beast  |       |     4 |     4 |    49 ||    57
Evoke: Wand              |       |       |       |     2 ||     2
  Use: Scroll            |       |       |    11 |    15 ||    26
       Potion            |       |       |       |     1 ||     1
 Stab: Sleeping          |     1 |       |     2 |     1 ||     4
       Distracted        |       |     1 |     1 |       ||     2
  Eat: Ration            |       |     1 |     2 |     5 ||     8
       Chunk             |       |       |     2 |       ||     2
Armor: Robe              |    15 |     6 |       |       ||    21
       Troll leather arm |       |     8 |    65 |   111 ||   184
       Ring mail         |       |       |     2 |       ||     2
Dodge: Dodged            |    33 |    51 |   146 |   340 ||   570

Table legend:
 A = Non-vault XP
 B = Vault XP
 C = Vault XP percentage of total XP
 D = Non-vault monster count
 E = Vault monster count
 F = Vault count percentage of total count
                 A         B        C        D         E       F
            +---------+---------+-------+---------+---------+-------
      Total |   14125 |    6916 |  32.9 |     244 |      47 |  16.2
            +---------+---------+-------+---------+---------+-------
        D:1 |      27 |       0 |   0.0 |      15 |       0 |   0.0
        D:2 |       3 |       0 |   0.0 |       2 |       0 |   0.0
        D:3 |      27 |       0 |   0.0 |       9 |       0 |   0.0
        D:4 |     381 |      94 |  19.8 |      11 |       2 |  15.4
        D:5 |     206 |     241 |  53.9 |       6 |       2 |  25.0
        D:6 |     666 |       0 |   0.0 |      21 |       0 |   0.0
        D:7 |     662 |     801 |  54.8 |      17 |       2 |  10.5
        D:8 |    1351 |     958 |  41.5 |      34 |       2 |   5.6
        D:9 |    1782 |    1594 |  47.2 |      28 |       6 |  17.6
       D:10 |    1602 |    1512 |  48.6 |      22 |       7 |  24.1
       D:11 |    3960 |    1137 |  22.3 |      36 |      23 |  39.0
       D:12 |    1680 |     579 |  25.6 |      15 |       3 |  16.7
      Orc:1 |    1778 |       0 |   0.0 |      28 |       0 |   0.0
            +---------+---------+-------+---------+---------+-------
